Ducks vs Kings

Created - April 7 2011 at 18:23

Goals
1 2 3 T
Ducks 1 3 0 4
Kings 0 4 1 5
Shots
1 2 3 T
Ducks 9 10 11 30
Kings 3 15 5 23

Period #1

1. Ducks , Brandon Dubinsky 12 (Andy McDonald, Tom Poti) at 4:36 (PP)

Penalties :
Martin Skoula (LOS) for Tripping (Minor) at 0:27, Michael Del Zotto (LOS) for Slashing (Minor) at 4:14, Kent Huskins (LOS) for Holding (Minor) at 6:08, Jakub Voracek (ANA) for Holding (Minor) at 12:20, Michael Del Zotto (LOS) for Roughing (Minor) at 15:04, Michael Del Zotto (LOS) for High sticking (Minor) at 17:27

Period #2

2. Kings , Darroll Powe 23 (Kent Huskins, Craig Adams) at 12:50
3. Ducks , Andy McDonald 29 (Mason Raymond) at 12:58
4. Ducks , Richard Park 12 (Henrik Tallinder) at 13:10
5. Ducks , Henrik Tallinder 6 (Christian Hanson, Jonathan Toews) at 16:42
6. Kings , Sergei Samsonov 5 (Jay Pandolfo, Martin Skoula) at 18:01
7. Kings , Michael Del Zotto 9 (Evgeny Artyukhin, Mike Lundin) at 18:18
8. Kings , Michael Frolik 16 (Matt Duchene, Martin Skoula) at 18:46

Penalties :
Dustin Byfuglien (ANA) for Tripping (Minor) at 4:24, Christian Hanson (ANA) for Slashing (Minor) at 7:11, Chris Chelios (LOS) for Goalie Interference (Minor) at 14:39

Period #3

9. Kings , Jamie McBain 12 (Matt Duchene, Martin Skoula) at 0:28

Penalties :
Ruslan Fedotenko (LOS) for Holding (Minor) at 1:13, Chris Chelios (LOS) for Hooking (Minor) at 12:02, Christian Hanson (ANA) for Slashing (Minor) at 12:02

Goalie Stats

Jonas Hiller (ANA), 14 saves from 17 shots - (0.824), 38:18 minutes
Jose Theodore (ANA), 4 saves from 6 shots - (0.667), L, 27-20-4, 21:35 minutes
Nikolai Khabibulin (LOS), 26 saves from 30 shots - (0.867), W, 21-42-4, 60:00 minutes

Players Stats

Ducks
Player Name              G  A  P  +/- PIM S  H  SB FO    MP 
------------------------------------------------------------
Andy McDonald            1  1  2   0  0   5  0  0  11/19 20 
Brandon Dubinsky         1  0  1  -2  0   4  0  0  2/2   21 
Bryan Little             0  0  0   1  0   2  0  0  1/2   12 
Christian Hanson         0  1  1   1  4   0  0  0  3/9   8  
David Clarkson           0  0  0  -2  0   2  4  0  0/0   14 
David Perron             0  0  0   1  0   1  0  0  0/0   7  
Dustin Byfuglien         0  0  0   0  2   0  3  0  0/0   15 
Henrik Tallinder         1  1  2   0  0   1  0  1  0/0   15 
Jakub Voracek            0  0  0  -1  2   0  2  0  1/3   14 
Jonathan Toews           0  1  1  -2  0   2  0  2  13/26 21 
Kurtis Foster            0  0  0   0  0   2  0  1  0/0   19 
Manny Malhotra           0  0  0  -1  0   1  2  0  16/22 11 
Marc-Edouard Vlasic      0  0  0   0  0   1  2  1  0/0   18 
Mason Raymond            0  1  1   0  0   4  1  0  0/1   21 
Nick Schultz             0  0  0   0  0   1  2  1  0/0   22 
Richard Park             1  0  1  -1  0   4  0  0  1/1   10 
Rob Scuderi              0  0  0  -2  0   0  2  0  0/0   22 
Tom Poti                 0  1  1  -2  0   0  1  1  0/0   21 
Kings
Player Name              G  A  P  +/- PIM S  H  SB FO    MP 
------------------------------------------------------------
Chris Chelios            0  0  0   0  4   0  4  1  0/0   18 
Cory Sarich              0  0  0   1  0   0  1  3  0/0   6  
Craig Adams              0  1  1   0  0   1  2  1  4/10  20 
Craig Conroy             0  0  0  -1  0   1  0  0  8/16  16 
Darroll Powe             1  0  1   0  0   1  2  0  9/22  15 
Ethan Moreau             0  0  0   0  0   2  0  0  0/0   15 
Evgeny Artyukhin         0  1  1  -1  0   1  0  0  0/1   14 
Jamie McBain             1  0  1   2  0   3  0  2  0/0   19 
Jay Pandolfo             0  1  1   1  0   0  0  0  0/1   7  
Kent Huskins             0  1  1   0  2   1  2  0  0/0   20 
Martin Skoula            0  3  3   3  2   2  1  0  0/0   22 
Matt Duchene             0  2  2   3  0   2  0  1  11/25 23 
Michael Del Zotto        1  0  1  -1  6   2  3  1  0/0   18 
Michael Frolik           1  0  1   2  0   4  1  0  0/2   14 
Mike Lundin              0  1  1  -1  0   0  0  1  0/0   16 
Ruslan Fedotenko         0  0  0  -1  2   2  0  0  1/3   19 
Sean Bergenheim          0  0  0   2  0   0  2  0  1/1   18 
Sergei Samsonov          1  0  1   1  0   1  0  0  3/4   6  

3 Stars

1 - Martin Skoula (LOS)
2 - Matt Duchene (LOS)
3 - Michael Frolik (LOS)

Power Play

Ducks - 1 on 7 Attempt(s) - 14.29%
Kings - 0 on 3 Attempt(s) - 0.00%

Penalty Kill

Ducks - 3 on 3 Attempt(s) - 100.00% - Score 0 goal in Penalty Kill
Kings - 6 on 7 Attempt(s) - 85.71% - Score 0 goal in Penalty Kill

Game Notes

Jose Theodore enters game at 18:18 of 2nd period

Finance

Level 1 -- Attendance: 6498 (99.97%) -- Ticket Income $519,840.00
Level 2 -- Attendance: 4681 (93.62%) -- Ticket Income $234,050.00
Level 3 -- Attendance: 2561 (73.17%) -- Ticket Income $89,635.00
Level 4 -- Attendance: 2118 (100.00%) -- Ticket Income $42,360.00
Luxury Box -- Attendance: 795 (79.50%) -- Ticket Income $159,000.00
Game was played at the Staples Center
Total Attendance: 16653 (91.91%)
Total Ticket Income: $1,069,752.00
Other Income: $156,768.30
Total Income: $1,226,520.00


Play by Play

Period #1

0:01 of 1st period - Matt Duchene wins face-off versus Jonathan Toews in neutral zone.
0:27 of 1st period - Minor Penalty to Martin Skoula for Tripping.
0:28 of 1st period - Craig Adams wins face-off versus Jonathan Toews in Kings zone.
0:34 of 1st period - Icing by Rob Scuderi.
0:35 of 1st period - Jonathan Toews wins face-off versus Ruslan Fedotenko in Ducks zone.
1:46 of 1st period - Shot by Kurtis Foster.
1:46 of 1st period - Stopped by Nikolai Khabibulin without a rebound.
1:47 of 1st period - Matt Duchene wins face-off versus Jonathan Toews in Kings zone.
2:03 of 1st period - Shot by Sean Bergenheim.
2:03 of 1st period - Shot Misses the Net.
2:10 of 1st period - Icing by Nick Schultz.
2:11 of 1st period - Craig Adams wins face-off versus Jonathan Toews in Ducks zone.
2:11 of 1st period - Craig Adams is hit by Nick Schultz.
2:17 of 1st period - Shot by Craig Adams.
2:17 of 1st period - Shot Misses the Net.
3:21 of 1st period - Shot by Ruslan Fedotenko.
3:21 of 1st period - Stopped by Jonas Hiller without a rebound.
3:22 of 1st period - Andy McDonald wins face-off versus Darroll Powe in Ducks zone.
4:12 of 1st period - Icing by Craig Conroy.
4:13 of 1st period - Manny Malhotra wins face-off versus Craig Conroy in Kings zone.
4:13 of 1st period - Manny Malhotra is hit by Michael Del Zotto.
4:14 of 1st period - Minor Penalty to Michael Del Zotto for Slashing.
4:15 of 1st period - Andy McDonald wins face-off versus Matt Duchene in Kings zone.
4:36 of 1st period - Shot by Brandon Dubinsky.
4:36 of 1st period - Goal by Brandon Dubinsky - Ducks : 1 - Kings : 0.
4:37 of 1st period - Manny Malhotra wins face-off versus Ruslan Fedotenko in neutral zone.
5:01 of 1st period - Icing by Jakub Voracek.
5:02 of 1st period - Manny Malhotra wins face-off versus Matt Duchene in Ducks zone.
5:10 of 1st period - Icing by Martin Skoula.
5:11 of 1st period - Jonathan Toews wins face-off versus Sergei Samsonov in Kings zone.
5:18 of 1st period - Rob Scuderi is hit by Cory Sarich and loses puck.
5:27 of 1st period - Shot by Brandon Dubinsky.
5:27 of 1st period - Shot Misses the Net.
5:31 of 1st period - Shot by Jonathan Toews.
5:31 of 1st period - Shot Blocked by Cory Sarich.
5:35 of 1st period - Shot by Brandon Dubinsky.
5:35 of 1st period - Stopped by Nikolai Khabibulin without a rebound.
5:36 of 1st period - Darroll Powe wins face-off versus Christian Hanson in Kings zone.
6:01 of 1st period - Shot by Craig Adams.
6:01 of 1st period - Shot Misses the Net.
6:06 of 1st period - Henrik Tallinder is hit by Chris Chelios and loses puck.
6:08 of 1st period - Minor Penalty to Kent Huskins for Holding.
6:09 of 1st period - Jonathan Toews wins face-off versus Matt Duchene in Kings zone.
6:10 of 1st period - Shot by Mason Raymond.
6:10 of 1st period - Shot Misses the Net.
6:26 of 1st period - Shot by Nick Schultz.
6:26 of 1st period - Stopped by Nikolai Khabibulin without a rebound.
6:27 of 1st period - Bryan Little wins face-off versus Craig Adams in Kings zone.
6:36 of 1st period - Shot by Bryan Little.
6:36 of 1st period - Stopped by Nikolai Khabibulin without a rebound.
6:37 of 1st period - Andy McDonald wins face-off versus Craig Adams in Kings zone.
7:22 of 1st period - Kurtis Foster is hit by Michael Del Zotto and loses puck.
8:13 of 1st period - Shot by Jakub Voracek.
8:13 of 1st period - Shot Misses the Net.
8:44 of 1st period - Icing by Henrik Tallinder.
8:45 of 1st period - Manny Malhotra wins face-off versus Darroll Powe in Ducks zone.
9:19 of 1st period - Shot by Jonathan Toews.
9:19 of 1st period - Stopped by Nikolai Khabibulin without a rebound.
9:20 of 1st period - Sergei Samsonov wins face-off versus Andy McDonald in Kings zone.
9:32 of 1st period - Shot by Andy McDonald.
9:32 of 1st period - Deflect By Dustin Byfuglien.
9:32 of 1st period - Shot Misses the Net.
9:36 of 1st period - Shot by Dustin Byfuglien.
9:36 of 1st period - Shot Blocked by Cory Sarich.
9:40 of 1st period - Shot by Andy McDonald.
9:40 of 1st period - Shot Misses the Net.
9:58 of 1st period - Shot by Dustin Byfuglien.
9:58 of 1st period - Shot Misses the Net.
10:00 of 1st period - Shot by Dustin Byfuglien.
10:00 of 1st period - Shot Misses the Net.
10:26 of 1st period - Shot by David Perron.
10:26 of 1st period - Shot Blocked by Cory Sarich.
10:34 of 1st period - Shot by David Perron.
10:34 of 1st period - Shot Misses the Net.
10:38 of 1st period - Shot by Christian Hanson.
10:38 of 1st period - Shot Misses the Net.
10:40 of 1st period - Shot by Marc-Edouard Vlasic.
10:40 of 1st period - Stopped by Nikolai Khabibulin without a rebound.
10:41 of 1st period - Jonathan Toews wins face-off versus Craig Conroy in Kings zone.
10:45 of 1st period - Icing by Craig Conroy.
10:46 of 1st period - Jonathan Toews wins face-off versus Craig Conroy in Kings zone.
10:52 of 1st period - Icing by Craig Conroy.
10:53 of 1st period - Craig Conroy wins face-off versus Jonathan Toews in Kings zone.
10:53 of 1st period - Craig Conroy is hit by David Clarkson.
10:56 of 1st period - Ruslan Fedotenko is hit by David Clarkson and loses puck.
11:52 of 1st period - Ethan Moreau is hit by Dustin Byfuglien and loses puck.
12:08 of 1st period - Andy McDonald is hit by Kent Huskins and loses puck.
12:20 of 1st period - Minor Penalty to Jakub Voracek for Holding.
12:21 of 1st period - Matt Duchene wins face-off versus Manny Malhotra in Ducks zone.
12:22 of 1st period - Shot by Sean Bergenheim.
12:22 of 1st period - Shot Blocked by Henrik Tallinder.
13:04 of 1st period - Shot by Ethan Moreau.
13:04 of 1st period - Stopped by Jonas Hiller without a rebound.
13:05 of 1st period - Darroll Powe wins face-off versus Manny Malhotra in Ducks zone.
13:06 of 1st period - Shot by Chris Chelios.
13:06 of 1st period - Shot Misses the Net.
13:19 of 1st period - Icing by Craig Adams.
13:20 of 1st period - Darroll Powe wins face-off versus Manny Malhotra in Kings zone.
13:53 of 1st period - Shot by Michael Frolik.
13:53 of 1st period - Stopped by Jonas Hiller without a rebound.
13:54 of 1st period - Manny Malhotra wins face-off versus Matt Duchene in Ducks zone.
13:54 of 1st period - Manny Malhotra is hit by Sean Bergenheim.
14:01 of 1st period - Icing by Martin Skoula.
14:02 of 1st period - Manny Malhotra wins face-off versus Matt Duchene in Kings zone.
14:44 of 1st period - Icing by Michael Del Zotto.
14:45 of 1st period - Ruslan Fedotenko wins face-off versus Christian Hanson in Kings zone.
14:52 of 1st period - Shot by Craig Conroy.
14:52 of 1st period - Shot Blocked by Marc-Edouard Vlasic.
15:04 of 1st period - Minor Penalty to Michael Del Zotto for Roughing.
15:05 of 1st period - Jonathan Toews wins face-off versus Craig Adams in Kings zone.
15:08 of 1st period - Shot by Mason Raymond.
15:08 of 1st period - Deflect By Jonathan Toews.
15:08 of 1st period - Shot Misses the Net.
15:37 of 1st period - Icing by Nick Schultz.
15:38 of 1st period - Jonathan Toews wins face-off versus Craig Adams in Ducks zone.
16:25 of 1st period - Shot by Andy McDonald.
16:25 of 1st period - Stopped by Nikolai Khabibulin with a rebound.
16:58 of 1st period - Icing by Jonathan Toews.
16:59 of 1st period - Jonathan Toews wins face-off versus Michael Frolik in Ducks zone.
17:27 of 1st period - Minor Penalty to Michael Del Zotto for High sticking.
17:28 of 1st period - Brandon Dubinsky wins face-off versus Matt Duchene in Kings zone.
17:51 of 1st period - Shot by Bryan Little.
17:51 of 1st period - Deflect By Brandon Dubinsky.
17:51 of 1st period - Shot Misses the Net.
17:53 of 1st period - Shot by Tom Poti.
17:53 of 1st period - Shot Blocked by Jamie McBain.
17:55 of 1st period - Shot by Brandon Dubinsky.
17:55 of 1st period - Shot Misses the Net.
17:57 of 1st period - Shot by Brandon Dubinsky.
17:57 of 1st period - Shot Misses the Net.
18:27 of 1st period - Shot by Mason Raymond.
18:27 of 1st period - Shot Misses the Net.
18:31 of 1st period - Shot by Mason Raymond.
18:31 of 1st period - Stopped by Nikolai Khabibulin without a rebound.
18:32 of 1st period - Jonathan Toews wins face-off versus Craig Adams in Kings zone.

Period #2

0:01 of 2nd period - Matt Duchene wins face-off versus Jonathan Toews in neutral zone.
1:04 of 2nd period - Craig Adams is hit by David Clarkson and loses puck.
1:12 of 2nd period - Icing by Kent Huskins.
1:13 of 2nd period - Darroll Powe wins face-off versus Andy McDonald in Kings zone.
2:16 of 2nd period - Off-side.
2:17 of 2nd period - Christian Hanson wins face-off versus Craig Conroy in neutral zone.
2:19 of 2nd period - Off-side.
2:20 of 2nd period - Matt Duchene wins face-off versus Bryan Little in neutral zone.
2:22 of 2nd period - Off-side.
2:23 of 2nd period - Christian Hanson wins face-off versus Matt Duchene in neutral zone.
2:29 of 2nd period - Off-side.
2:30 of 2nd period - Richard Park wins face-off versus Craig Conroy in neutral zone.
2:33 of 2nd period - Shot by Jakub Voracek.
2:33 of 2nd period - Shot Misses the Net.
2:57 of 2nd period - Shot by Evgeny Artyukhin.
2:57 of 2nd period - Stopped by Jonas Hiller without a rebound.
2:58 of 2nd period - Matt Duchene wins face-off versus Andy McDonald in Ducks zone.
3:12 of 2nd period - Shot by Matt Duchene.
3:12 of 2nd period - Shot Blocked by Nick Schultz.
3:20 of 2nd period - Shot by Mason Raymond.
3:20 of 2nd period - Stopped by Nikolai Khabibulin without a rebound.
3:21 of 2nd period - Sergei Samsonov wins face-off versus Jonathan Toews in Kings zone.
3:21 of 2nd period - Sergei Samsonov is hit by David Clarkson.
3:29 of 2nd period - Shot by Sergei Samsonov.
3:29 of 2nd period - Shot Blocked by Jonathan Toews.
3:32 of 2nd period - Icing by Tom Poti.
3:33 of 2nd period - Craig Conroy wins face-off versus Jonathan Toews in Ducks zone.
3:36 of 2nd period - Shot by Mike Lundin.
3:36 of 2nd period - Shot Misses the Net.
3:47 of 2nd period - Shot by Michael Del Zotto.
3:47 of 2nd period - Deflect By Evgeny Artyukhin.
3:47 of 2nd period - Shot Blocked by Jonathan Toews.
3:51 of 2nd period - Shot by Michael Del Zotto.
3:51 of 2nd period - Shot Misses the Net.
4:24 of 2nd period - Minor Penalty to Dustin Byfuglien for Tripping.
4:25 of 2nd period - Manny Malhotra wins face-off versus Matt Duchene in Ducks zone.
4:25 of 2nd period - Henrik Tallinder is hit by Sean Bergenheim and loses puck.
4:50 of 2nd period - Shot by Martin Skoula.
4:50 of 2nd period - Stopped by Jonas Hiller without a rebound.
4:51 of 2nd period - Manny Malhotra wins face-off versus Darroll Powe in Ducks zone.
5:56 of 2nd period - Shot by Michael Frolik.
5:56 of 2nd period - Shot Misses the Net.
5:58 of 2nd period - Shot by Jamie McBain.
5:58 of 2nd period - Stopped by Jonas Hiller with a rebound.
6:00 of 2nd period - Shot by Martin Skoula.
6:00 of 2nd period - Shot Misses the Net.
6:02 of 2nd period - Shot by Jamie McBain.
6:02 of 2nd period - Shot Misses the Net.
6:04 of 2nd period - Shot by Martin Skoula.
6:04 of 2nd period - Stopped by Jonas Hiller without a rebound.
6:05 of 2nd period - Matt Duchene wins face-off versus Christian Hanson in Ducks zone.
6:06 of 2nd period - Shot by Michael Frolik.
6:06 of 2nd period - Deflect By Matt Duchene.
6:06 of 2nd period - Shot Misses the Net.
6:44 of 2nd period - Shot by Andy McDonald.
6:44 of 2nd period - Stopped by Nikolai Khabibulin with a rebound.
6:46 of 2nd period - Shot by Nick Schultz.
6:46 of 2nd period - Shot Blocked by Mike Lundin.
6:48 of 2nd period - Shot by Dustin Byfuglien.
6:48 of 2nd period - Shot Misses the Net.
7:11 of 2nd period - Minor Penalty to Christian Hanson for Slashing.
7:12 of 2nd period - Manny Malhotra wins face-off versus Darroll Powe in Ducks zone.
8:27 of 2nd period - Shot by Matt Duchene.
8:27 of 2nd period - Stopped by Jonas Hiller without a rebound.
8:28 of 2nd period - Manny Malhotra wins face-off versus Darroll Powe in Ducks zone.
8:37 of 2nd period - Shot by Kent Huskins.
8:37 of 2nd period - Stopped by Jonas Hiller without a rebound.
8:38 of 2nd period - Manny Malhotra wins face-off versus Michael Frolik in Ducks zone.
8:38 of 2nd period - Manny Malhotra is hit by Michael Frolik.
8:48 of 2nd period - Shot by Jamie McBain.
8:48 of 2nd period - Stopped by Jonas Hiller without a rebound.
8:49 of 2nd period - Jonathan Toews wins face-off versus Darroll Powe in Ducks zone.
10:11 of 2nd period - Shot by Matt Duchene.
10:11 of 2nd period - Shot Misses the Net.
10:15 of 2nd period - Shot by Matt Duchene.
10:15 of 2nd period - Shot Misses the Net.
11:00 of 2nd period - Bryan Little is hit by Chris Chelios and loses puck.
11:37 of 2nd period - Shot by Craig Conroy.
11:37 of 2nd period - Stopped by Jonas Hiller with a rebound.
11:40 of 2nd period - Icing by Rob Scuderi.
11:41 of 2nd period - Jonathan Toews wins face-off versus Matt Duchene in Ducks zone.
12:10 of 2nd period - Shot by David Clarkson.
12:10 of 2nd period - Stopped by Nikolai Khabibulin with a rebound.
12:34 of 2nd period - Off-side.
12:35 of 2nd period - Manny Malhotra wins face-off versus Darroll Powe in neutral zone.
12:50 of 2nd period - Shot by Darroll Powe.
12:50 of 2nd period - Goal by Darroll Powe - Ducks : 1 - Kings : 1.
12:51 of 2nd period - Andy McDonald wins face-off versus Craig Conroy in neutral zone.
12:58 of 2nd period - Shot by Andy McDonald.
12:58 of 2nd period - Goal by Andy McDonald - Ducks : 2 - Kings : 1.
12:59 of 2nd period - Andy McDonald wins face-off versus Darroll Powe in neutral zone.
13:04 of 2nd period - Shot by Mason Raymond.
13:04 of 2nd period - Stopped by Nikolai Khabibulin without a rebound.
13:05 of 2nd period - Craig Conroy wins face-off versus Jakub Voracek in Kings zone.
13:05 of 2nd period - Mike Lundin is hit by Manny Malhotra and loses puck.
13:10 of 2nd period - Shot by Richard Park.
13:10 of 2nd period - Goal by Richard Park - Ducks : 3 - Kings : 1.
13:11 of 2nd period - Andy McDonald wins face-off versus Darroll Powe in neutral zone.
13:18 of 2nd period - Shot by Andy McDonald.
13:18 of 2nd period - Stopped by Nikolai Khabibulin without a rebound.
13:19 of 2nd period - Manny Malhotra wins face-off versus Evgeny Artyukhin in Kings zone.
14:22 of 2nd period - Shot by Michael Frolik.
14:22 of 2nd period - Stopped by Jonas Hiller with a rebound.
14:26 of 2nd period - Shot by Jamie McBain.
14:26 of 2nd period - Shot Blocked by Tom Poti.
14:28 of 2nd period - Shot by Michael Frolik.
14:28 of 2nd period - Stopped by Jonas Hiller without a rebound.
14:29 of 2nd period - Darroll Powe wins face-off versus Mason Raymond in Ducks zone.
14:39 of 2nd period - Minor Penalty to Chris Chelios for Goalie Interference.
14:40 of 2nd period - Andy McDonald wins face-off versus Matt Duchene in Kings zone.
15:01 of 2nd period - Shot by Bryan Little.
15:01 of 2nd period - Shot Misses the Net.
16:15 of 2nd period - Shot by Brandon Dubinsky.
16:15 of 2nd period - Shot Blocked by Matt Duchene.
16:17 of 2nd period - Shot by Tom Poti.
16:17 of 2nd period - Shot Misses the Net.
16:19 of 2nd period - Shot by Bryan Little.
16:19 of 2nd period - Stopped by Nikolai Khabibulin without a rebound.
16:20 of 2nd period - Craig Adams wins face-off versus Jonathan Toews in Kings zone.
16:20 of 2nd period - Craig Adams is hit by Mason Raymond.
16:34 of 2nd period - Shot by Jonathan Toews.
16:34 of 2nd period - Shot Blocked by Craig Adams.
16:38 of 2nd period - Shot by Jonathan Toews.
16:38 of 2nd period - Shot Blocked by Michael Del Zotto.
16:40 of 2nd period - Shot by Christian Hanson.
16:40 of 2nd period - Shot Misses the Net.
16:42 of 2nd period - Shot by Henrik Tallinder.
16:42 of 2nd period - Goal by Henrik Tallinder - Ducks : 4 - Kings : 1.
16:43 of 2nd period - Craig Conroy wins face-off versus Christian Hanson in neutral zone.
17:02 of 2nd period - Shot by Bryan Little.
17:02 of 2nd period - Deflect By David Perron.
17:02 of 2nd period - Shot Misses the Net.
17:04 of 2nd period - Shot by Bryan Little.
17:04 of 2nd period - Shot Misses the Net.
17:08 of 2nd period - Shot by David Perron.
17:08 of 2nd period - Stopped by Nikolai Khabibulin without a rebound.
17:09 of 2nd period - Manny Malhotra wins face-off versus Darroll Powe in Kings zone.
17:09 of 2nd period - Jakub Voracek is hit by Kent Huskins and loses puck.
17:36 of 2nd period - Richard Park is hit by Chris Chelios and loses puck.
17:59 of 2nd period - Shot by Sergei Samsonov.
17:59 of 2nd period - Shot Misses the Net.
18:01 of 2nd period - Shot by Jay Pandolfo.
18:01 of 2nd period - Deflect By Sergei Samsonov.
18:01 of 2nd period - Goal by Sergei Samsonov - Ducks : 4 - Kings : 2.
18:02 of 2nd period - Andy McDonald wins face-off versus Craig Conroy in neutral zone.
18:14 of 2nd period - Shot by Michael Del Zotto.
18:14 of 2nd period - Stopped by Jonas Hiller with a rebound.
18:16 of 2nd period - Shot by Evgeny Artyukhin.
18:16 of 2nd period - Shot Misses the Net.
18:18 of 2nd period - Shot by Michael Del Zotto.
18:18 of 2nd period - Goal by Michael Del Zotto - Ducks : 4 - Kings : 3.
18:18 of 2nd period - Jose Theodore enters game.
18:19 of 2nd period - Jonathan Toews wins face-off versus Matt Duchene in neutral zone.
18:46 of 2nd period - Shot by Michael Frolik.
18:46 of 2nd period - Goal by Michael Frolik - Ducks : 4 - Kings : 4.
18:47 of 2nd period - Craig Conroy wins face-off versus Andy McDonald in neutral zone.
18:59 of 2nd period - Off-side.
19:00 of 2nd period - Darroll Powe wins face-off versus Andy McDonald in neutral zone.
19:03 of 2nd period - Kurtis Foster is hit by Craig Adams and loses puck.
19:30 of 2nd period - Shot by Andy McDonald.
19:30 of 2nd period - Shot Blocked by Chris Chelios.

Period #3

0:01 of 3rd period - Matt Duchene wins face-off versus Jonathan Toews in neutral zone.
0:07 of 3rd period - Michael Frolik is hit by Rob Scuderi and loses puck.
0:25 of 3rd period - Matt Duchene is hit by Tom Poti and loses puck.
0:28 of 3rd period - Shot by Jamie McBain.
0:28 of 3rd period - Goal by Jamie McBain - Ducks : 4 - Kings : 5.
0:29 of 3rd period - Andy McDonald wins face-off versus Darroll Powe in neutral zone.
0:29 of 3rd period - Andy McDonald is hit by Darroll Powe.
0:35 of 3rd period - Craig Adams is hit by Dustin Byfuglien and loses puck.
0:51 of 3rd period - Mason Raymond is hit by Chris Chelios and loses puck.
0:56 of 3rd period - Shot by Kurtis Foster.
0:56 of 3rd period - Stopped by Nikolai Khabibulin with a rebound.
1:00 of 3rd period - Shot by Andy McDonald.
1:00 of 3rd period - Shot Misses the Net.
1:04 of 3rd period - Shot by Mason Raymond.
1:04 of 3rd period - Stopped by Nikolai Khabibulin without a rebound.
1:05 of 3rd period - Craig Conroy wins face-off versus Manny Malhotra in Kings zone.
1:05 of 3rd period - Craig Conroy is hit by Manny Malhotra.
1:13 of 3rd period - Minor Penalty to Ruslan Fedotenko for Holding.
1:14 of 3rd period - Andy McDonald wins face-off versus Matt Duchene in Kings zone.
1:37 of 3rd period - Shot by Brandon Dubinsky.
1:37 of 3rd period - Stopped by Nikolai Khabibulin without a rebound.
1:38 of 3rd period - Jakub Voracek wins face-off versus Matt Duchene in Kings zone.
3:14 of 3rd period - Shot by Andy McDonald.
3:14 of 3rd period - Stopped by Nikolai Khabibulin without a rebound.
3:15 of 3rd period - Craig Conroy wins face-off versus Christian Hanson in Kings zone.
3:52 of 3rd period - Icing by Marc-Edouard Vlasic.
3:53 of 3rd period - Sergei Samsonov wins face-off versus Christian Hanson in Ducks zone.
4:28 of 3rd period - Shot by Jonathan Toews.
4:28 of 3rd period - Shot Hit the Post.
4:30 of 3rd period - Shot by Brandon Dubinsky.
4:30 of 3rd period - Stopped by Nikolai Khabibulin without a rebound.
4:31 of 3rd period - Andy McDonald wins face-off versus Darroll Powe in Kings zone.
4:53 of 3rd period - Icing by Darroll Powe.
4:54 of 3rd period - Darroll Powe wins face-off versus Manny Malhotra in Kings zone.
5:09 of 3rd period - Shot by Ethan Moreau.
5:09 of 3rd period - Stopped by Jose Theodore without a rebound.
5:10 of 3rd period - Craig Conroy wins face-off versus Jonathan Toews in Ducks zone.
5:23 of 3rd period - Shot by Ruslan Fedotenko.
5:23 of 3rd period - Shot Misses the Net.
5:57 of 3rd period - Shot by Dustin Byfuglien.
5:57 of 3rd period - Shot Misses the Net.
5:59 of 3rd period - Shot by Nick Schultz.
5:59 of 3rd period - Shot Misses the Net.
6:01 of 3rd period - Shot by Dustin Byfuglien.
6:01 of 3rd period - Shot Misses the Net.
6:39 of 3rd period - Michael Del Zotto is hit by Marc-Edouard Vlasic and loses puck.
6:48 of 3rd period - Evgeny Artyukhin is hit by Jakub Voracek and loses puck.
7:09 of 3rd period - Shot by Manny Malhotra.
7:09 of 3rd period - Stopped by Nikolai Khabibulin with a rebound.
7:25 of 3rd period - Icing by Jonathan Toews.
7:26 of 3rd period - Matt Duchene wins face-off versus Jonathan Toews in Ducks zone.
8:15 of 3rd period - Icing by Kurtis Foster.
8:16 of 3rd period - Darroll Powe wins face-off versus Andy McDonald in Ducks zone.
8:16 of 3rd period - Darroll Powe is hit by Nick Schultz.
9:37 of 3rd period - Shot by Jay Pandolfo.
9:37 of 3rd period - Shot Misses the Net.
9:41 of 3rd period - Shot by Matt Duchene.
9:41 of 3rd period - Stopped by Jose Theodore with a rebound.
10:01 of 3rd period - Shot by Sean Bergenheim.
10:01 of 3rd period - Shot Blocked by Kurtis Foster.
11:53 of 3rd period - Shot by Richard Park.
11:53 of 3rd period - Stopped by Nikolai Khabibulin with a rebound.
11:55 of 3rd period - Shot by Richard Park.
11:55 of 3rd period - Stopped by Nikolai Khabibulin without a rebound.
11:56 of 3rd period - Christian Hanson wins face-off versus Darroll Powe in Kings zone.
12:02 of 3rd period - Minor Penalty to Chris Chelios for Hooking.
12:02 of 3rd period - Minor Penalty to Christian Hanson for Slashing.
12:03 of 3rd period - Craig Adams wins face-off versus Jakub Voracek in Kings zone.
12:03 of 3rd period - Craig Adams is hit by Jakub Voracek.
12:28 of 3rd period - Shot by Ruslan Fedotenko.
12:28 of 3rd period - Shot Misses the Net.
12:30 of 3rd period - Shot by Mike Lundin.
12:30 of 3rd period - Shot Misses the Net.
12:33 of 3rd period - Craig Adams is hit by Marc-Edouard Vlasic and loses puck.
12:49 of 3rd period - Off-side.
12:50 of 3rd period - Matt Duchene wins face-off versus Jonathan Toews in neutral zone.
13:00 of 3rd period - Brandon Dubinsky is hit by Martin Skoula and loses puck.
13:05 of 3rd period - Shot by David Clarkson.
13:05 of 3rd period - Shot Misses the Net.
13:07 of 3rd period - Shot by Jonathan Toews.
13:07 of 3rd period - Stopped by Nikolai Khabibulin without a rebound.
13:08 of 3rd period - Manny Malhotra wins face-off versus Jay Pandolfo in Kings zone.
14:47 of 3rd period - Off-side.
14:48 of 3rd period - Sean Bergenheim wins face-off versus Andy McDonald in neutral zone.
14:48 of 3rd period - Sean Bergenheim is hit by Dustin Byfuglien.
15:56 of 3rd period - Shot by Darroll Powe.
15:56 of 3rd period - Deflect By Craig Adams.
15:56 of 3rd period - Stopped by Jose Theodore without a rebound.
15:57 of 3rd period - Jonathan Toews wins face-off versus Craig Conroy in Ducks zone.
16:13 of 3rd period - Jonathan Toews is hit by Michael Del Zotto and loses puck.
16:26 of 3rd period - Shot by Jonathan Toews.
16:26 of 3rd period - Deflect By David Clarkson.
16:26 of 3rd period - Stopped by Nikolai Khabibulin without a rebound.
16:27 of 3rd period - Manny Malhotra wins face-off versus Matt Duchene in Kings zone.
16:37 of 3rd period - Shot by Jakub Voracek.
16:37 of 3rd period - Shot Blocked by Jamie McBain.
16:39 of 3rd period - Shot by Richard Park.
16:39 of 3rd period - Stopped by Nikolai Khabibulin without a rebound.
16:40 of 3rd period - Darroll Powe wins face-off versus Andy McDonald in Kings zone.
17:05 of 3rd period - Nick Schultz is hit by Darroll Powe and loses puck.
18:27 of 3rd period - Ruslan Fedotenko is hit by Rob Scuderi and loses puck.
18:30 of 3rd period - Shot by Ruslan Fedotenko.
18:30 of 3rd period - Stopped by Jose Theodore without a rebound.
18:31 of 3rd period - Brandon Dubinsky wins face-off versus Craig Adams in Ducks zone.
18:31 of 3rd period - Jonathan Toews is hit by Craig Adams and loses puck.
19:35 of 3rd period - Icing by Matt Duchene.
19:36 of 3rd period - Matt Duchene wins face-off versus Manny Malhotra in Kings zone.
19:53 of 3rd period - Ducks, Jose Theodore is pulled from the net.


Output by the SimonT Hockey Simulator (STHS) for Stephane Roy -- Original Page W3C XHTML 1.0 Valid